 Dungeon Crawl Stone Soup version 0.21.1-1-g345015f (webtiles) character file.

3899 nicolaieve the Severer (level 10, 0/79 (80) HPs)
             Began as a Minotaur Berserker on July 16, 2018.
             Was an Elder of Trog.
             Slain by a yak (10 damage)
             ... on level 9 of the Dungeon.
             The game lasted 00:25:07 (5887 turns).

nicolaieve the Severer (Minotaur Berserker)         Turns: 5887, Time: 00:25:07

HP:   0/79 (80)     AC: 11    Str: 24    XL:     10   Next: 0%
MP:   9/9           EV:  9    Int:  4    God:    Trog [****..]
Gold: 555           SH:  0    Dex: 11    Spells: 9/9 levels left

rFire    + . .     SeeInvis .   a - +0 hand axe
rCold    + . .     Gourm    .   (no shield)
rNeg     . . .     Faith    .   t - +0 chain mail
rPois    +         Spirit   .   (helmet restricted)
rElec    .         Reflect  .   d - scarf {rC+ rF+}
rCorr    .         Harm     .   H - +1 pair of gloves
MR       ++...     Rnd*Tele +   (no boots)
Stlth    ..........             (no amulet)
HPRegen  1.23/turn              i - ring of teleportation (curse)
MPRegen  0.11/turn              v - ring of poison resistance

@: berserk cooldown, regenerating
A: retaliatory headbutt, horns 2
a: Berserk, Trog's Hand, Brothers in Arms, Burn Spellbooks, Renounce Religion


You were on level 9 of the Dungeon.
You worshipped Trog.
Trog was greatly pleased with you.
You were not hungry.

You visited 1 branch of the dungeon, and saw 9 of its levels.

You collected 555 gold pieces.

Inventory:

Hand Weapons
 a - a +0 hand axe (weapon)
 L - a +1 antimagic whip
Armour
 d - a scarf of resistance (worn)
 h - a +0 ring mail
 s - a +0 cloak
 t - a +0 chain mail (worn)
 u - a +0 pair of gloves
 G - a +0 cloak of poison resistance
 H - a +1 pair of gloves (worn)
Jewellery
 i - a cursed ring of teleportation (left hand)
 v - a ring of poison resistance (right hand)
 z - an uncursed ring of resist corrosion
 F - an uncursed ring of wizardry {unknown}
 M - an uncursed amulet of faith {unknown}
Wands
 D - a wand of polymorph (8)
 K - a wand of iceblast (7)
Scrolls
 b - 2 scrolls of random uselessness {unknown}
 m - a scroll of remove curse {unknown}
 n - 2 scrolls of magic mapping {unknown}
 q - 4 scrolls of enchant weapon {unknown}
 x - 2 scrolls of amnesia {unknown}
 y - 3 scrolls of teleportation {unknown}
 B - a scroll of enchant armour {unknown}
 I - 5 scrolls of identify
 N - 3 scrolls of noise {unknown}
 O - a scroll of blinking {unknown}
Potions
 e - 2 potions of resistance
 f - 2 potions of flight
 g - a potion of might {unknown}
 j - 3 potions of haste
 k - 3 potions of lignification
 l - a potion of agility {unknown}
 o - 3 potions of curing
 p - a potion of degeneration {unknown}
 r - 2 potions of heal wounds
 w - a potion of brilliance {unknown}
 A - a potion of berserk rage {unknown}
 C - a potion of invisibility {unknown}
 E - a potion of mutation {unknown}
 J - a potion of cancellation {unknown}
Comestibles
 c - 15 rations


   Skills:
 - Level 4.9 Fighting
 * Level 15.7 Axes
 - Level 4.5 Armour
 - Level 2.1 Dodging


You had 9 spell levels left.
You didn't know any spells.

Dungeon Overview and Level Annotations

Branches:
Dungeon (9/15)             Temple (0/1) D:7            Lair (0/6) D:9
    Orc: D:9-12

Altars:
Cheibriados
Fedhas
Hepliaklqana
Kikubaaqudgha
Nemelex Xobeh
Ru
Vehumet
Zin
The Shining One

Shops:
D:6 (


Innate Abilities, Weirdness & Mutations

You reflexively headbutt those who attack you in melee.
You have a pair of horns on your head.


Message History

Unknown command.
You hit the yak. You headbutt the yak, but do no damage.
The yak is moderately wounded.
You slash the yak! The yak gores you but does no damage. The yak gores you!
* * * LOW HITPOINT WARNING * * *
Unknown command.
You closely miss the yak. Your headbutt misses the yak.
The yak is moderately wounded.
Your chain mail prevents you from hitting the yak.
Unknown command.
You slash the yak! You headbutt the yak!
The yak is almost dead.
You barely miss the yak. The yak gores you but does no damage.
The yak gores you.
* * * LOW HITPOINT WARNING * * *
Unknown command.
You hit the yak.
The yak is almost dead.
You hit the yak. The yak gores you!
You die...

...≈≈≈§.≈≈.....
#...≈≈≈≈.≈.##.#
#..§...§§..##.###########
#..........##............
.........................
########................. .
########.#######.#######..#
................Y#######..Y
................@YY........
........##########YY......%
........# #.........
........# #.........
........# #.........
........# #.........
......... ........?.
......... ...........
#........ ####.......


You could see 5 yaks.

Vanquished Creatures
  The ghost of emiel the Chopper, a novice DsGl (D:5)
  The ghost of dscm the Chopper, a novice OpFi of Cheibriados (D:6)
  Eustachio (D:4)
  A yak (D:9)
  2 water moccasins
  2 hell hounds (D:9)
  An ice beast (D:6)
  A black bear (D:6)
  2 necrophages
  2 ogres
  4 centaurs
  2 phantoms
  A big kobold (D:8)
  2 bullfrogs (D:6)
  3 scorpions
  A water moccasin skeleton (D:5)
  4 killer bees (D:7)
  3 wights (D:6)
  A bullfrog zombie (D:7)
  3 howler monkeys (D:8)
  2 crimson imps
  A hound (D:5)
  2 jellies
  An orc priest (D:6)
  An orc wizard (D:6)
  3 iguanas
  Crazy Yiuf (D:7)
  2 centaur skeletons
  6 worker ants
  2 worker ant zombies
  A howler monkey zombie (D:7)
  7 gnolls (D:7)
  8 adders
  A shadow imp (D:6)
  An ooze (D:4)
  An adder skeleton (D:9)
  2 worms
  4 dart slugs
  7 leopard geckos
  10 orcs
  A ball python (D:3)
  4 giant cockroaches
  10 hobgoblins
  9 jackals
  7 quokkas
  A ball python zombie (D:5)
  5 bats
  8 frilled lizards
  6 goblins
  12 kobolds
  A leopard gecko zombie (D:7)
  6 rats
171 creatures vanquished.

Notes
Turn   | Place    | Note
-------+----------+-------------------------------------------
     0 | D:1      | nicolaieve the Minotaur Berserker began the quest for the Orb.
     0 | D:1      | Reached XP level 1. HP: 19/19 MP: 0/0
    21 | D:1      | Reached skill level 4 in Axes
   190 | D:1      | Reached XP level 2. HP: 26/26 MP: 1/1
   820 | D:2      | Reached skill level 5 in Axes
   820 | D:2      | Reached XP level 3. HP: 20/31 MP: 2/2
   865 | D:2      | Reached ** piety under Trog
  1217 | D:2      | Found a glowing silver altar of Zin.
  1552 | D:3      | Reached XP level 4. HP: 36/39 MP: 3/3
  1603 | D:3      | Reached skill level 6 in Axes
  1722 | D:3      | Found a hazy altar of Hepliaklqana.
  1936 | D:3      | Reached *** piety under Trog
  1973 | D:3      | Reached skill level 7 in Axes
  1973 | D:3      | Reached XP level 5. HP: 39/45 MP: 4/4
  2396 | D:4      | Reached skill level 8 in Axes
  2396 | D:4      | Reached XP level 6. HP: 35/51 MP: 5/5
  2647 | D:4      | Found a snail-covered altar of Cheibriados.
  2741 | D:4      | Noticed Eustachio
  2787 | D:4      | Killed Eustachio
  2787 | D:4      | Reached skill level 9 in Axes
  2986 | D:5      | Entered Level 5 of the Dungeon
  3015 | D:5      | Reached XP level 7. HP: 22/57 MP: 6/6
  3297 | D:5      | Reached skill level 10 in Axes
  3422 | D:5      | Noticed emiel's ghost (novice DsGl)
  3431 | D:5      | Killed emiel's ghost
  3431 | D:5      | Reached skill level 11 in Axes
  3457 | D:5      | Reached XP level 8. HP: 52/64 MP: 7/7
  3959 | D:6      | Reached skill level 12 in Axes
  3973 | D:6      | Noticed dscm's ghost (novice OpFi)
  3983 | D:6      | Killed dscm's ghost
  3983 | D:6      | Reached skill level 13 in Axes
  4062 | D:6      | Found a blossoming altar of Fedhas.
  4150 | D:6      | Found Disair's Antique Weapon Shoppe.
  4189 | D:6      | Reached XP level 9. HP: 33/70 MP: 8/8
  4199 | D:6      | HP: 3/70 [wight/enchanted halberd (6)]
  4204 | D:6      | Reached skill level 14 in Axes
  4382 | D:7      | Reached **** piety under Trog
  4436 | D:7      | Found a staircase to the Ecumenical Temple.
  4624 | D:7      | Found a runed door.
  4650 | D:7      | Noticed Crazy Yiuf
  4654 | D:7      | Killed Crazy Yiuf
  4926 | D:7      | Reached skill level 15 in Axes
  5022 | D:7      | Found a sparkling altar of Nemelex Xobeh.
  5113 | D:8      | Found an ancient bone altar of Kikubaaqudgha.
  5117 | D:8      | Found a radiant altar of Vehumet.
  5118 | D:8      | Found a sacrificial altar of Ru.
  5277 | D:8      | Found a glowing golden altar of the Shining One.
  5830 | D:9      | Found a staircase to the Lair.
  5876 | D:9      | Reached ***** piety under Trog
  5876 | D:9      | Reached XP level 10. HP: 41/79 MP: 9/9
  5887 | D:9      | Slain by a yak

Skill      XL: |  1  2  3  4  5  6  7  8  9 |
---------------+----------------------------+-----
Axes           | 4 5 7 8 9 11 13 15 | 15.7
Fighting       | 4 |  4.9
Armour         | 4 |  4.5
Dodging        | |  2.1

Action                   |  1- 3 |  4- 6 |  7- 9 | 10-12 || total
-------------------------+-------+-------+-------+-------++-------
Melee: Hand axe          |    89 |   155 |   324 |    10 ||   578
       Headbutt          |    13 |    29 |    76 |     3 ||   121
Invok: Berserk           |       |     2 |     4 |       ||     6
       Trog's Hand       |       |       |     1 |     1 ||     2
  Use: Scroll            |       |       |     6 |       ||     6
       Potion            |       |       |     3 |       ||     3
  Eat: Chunk             |     2 |     4 |    10 |       ||    16
       Ration            |       |     1 |     1 |       ||     2
Armor: Animal skin       |     1 |       |       |       ||     1
       Ring mail         |    29 |       |       |       ||    29
       Chain mail        |       |    84 |   119 |     2 ||   205
Dodge: Dodged            |    57 |    58 |   102 |     3 ||   220
